 Dungeon Crawl Stone Soup version 0.29-a0-364-g921d912d32 (webtiles) character file.

Game seed: 2028747599491252889

9 prowojo666 the Skirmisher (level 2, 27/27 HPs)
             Began as a Minotaur Fighter on Apr 30, 2022.
             Quit the game on level 1 of the Dungeon.
             The game lasted 00:01:28 (251 turns).

prowojo666 the Skirmisher (Minotaur Fighter)         Turns: 251, Time: 00:01:28

Health: 27/27      AC:  7    Str: 20    XL:     2   Next: 3%
Magic:  1/1        EV:  9    Int:  5    God:
Gold:   25         SH:  4    Dex:  9    Spells: 1/1 levels left

rFire   . . .      SeeInvis .   a - +0 war axe
rCold   . . .      Faith    .   c - +0 buckler
rNeg    . . .      Spirit   .   b - +0 scale mail
rPois   .          Reflect  .   (helmet restricted)
rElec   .          Harm     .   (no cloak)
rCorr   .          Rampage  .   (no gloves)
Will    .....                   (no boots)
Stlth   ..........              (no amulet)
HPRegen 0.09/turn               (no ring)
MPRegen 0.07/turn               (no ring)

@: no status effects
A: horns 2, retaliatory headbutt
a: no special abilities


You were on level 1 of the Dungeon.
You visited 1 branch of the dungeon, and saw 1 of its levels.

You collected 25 gold pieces.

Inventory:

Hand Weapons
 a - a +0 war axe (weapon)
Armour
 b - a +0 scale mail (worn)
 c - a +0 buckler (worn)
Scrolls
 g - a scroll of teleportation {unknown}
Potions
 d - 3 potions of might
 e - a potion of curing {unknown}
 f - 2 potions of mutation {unknown}


   Skills:
 + Level 3.8 Fighting
 + Level 2.7 Axes
 + Level 3.8 Armour
 + Level 3.8 Shields


You had one spell level left.
You didn't know any spells.
Your spell library was empty.

Dungeon Overview and Level Annotations

Branches:
Dungeon (1/15)

Altars:

Shops:
D:1 :


Innate Abilities, Weirdness & Mutations

You have a pair of horns on your head.
You reflexively headbutt those who attack you in melee.


Message History

Found a leather armour.
Found a ring mail.
You see here a +0 leather armour.
A goblin comes into view. It is wielding a +0 club.
The goblin shouts!
You slash the goblin!
You kill the goblin!
Things that are here:
a +0 club; a goblin corpse
d - 3 potions of might (gained 1)
A giant cockroach comes into view.
The giant cockroach moves out of view.
A giant cockroach is nearby!
A giant cockroach is nearby!
You slash the giant cockroach!
You kill the giant cockroach!
Found a stone staircase leading down.
An endoplasm comes into view.
The endoplasm quivers.
There is a stone staircase leading down here.
The endoplasm barely misses you.
You slash the endoplasm!
You kill the endoplasm!
You have reached level 2!
Found a hand axe.
Found 6 gold pieces.
You see here a +0 hand axe.
You now have 25 gold pieces (gained 6).
Found a stone staircase leading down.
f - 2 amethyst potions (gained 1)
Found a hunting sling.
You see here a +0 hunting sling.
g - a scroll labelled QEIPTI HUSI Unknown command.
Unknown command.
Unknown command.
Sorry, you're not good enough to have a special ability.
Found a scroll labelled MYPSUO XYRU.
Sorry, you're not good enough to have a special ability.
Are you sure you want to abandon this character and quit the game? (Confirm with "yes".)

$..⌠... #.####
..........#########.##.#
#.........#.........##.#
..... ...#.#######.##.#
..?.. #.#.......#.##.#
#..###....#.##.#.##..
####...................#
....................#..#
...#.#@#.#.#..##.###..#
# #.#.#.#..##.# #..#
#.#...#..##.###..#
.........#........
............##...#
...................
####...............
#..........#...#
#####.##........


There were no monsters in sight!

Vanquished Creatures
  An endoplasm (D:1)
  2 giant cockroaches (D:1)
  A goblin (D:1)
  A hobgoblin (D:1)
  A kobold (D:1)
  A rat (D:1)
7 creatures vanquished.

Notes
Turn   | Place    | Note
-------+----------+-------------------------------------------
     0 | D:1      | prowojo666 the Minotaur Fighter began the quest for the
                  | Orb.
     0 | D:1      | Reached XP level 1. HP: 19/19 MP: 0/0
   101 | D:1      | Found Zudeom's Book Shoppe.
   175 | D:1      | Reached XP level 2. HP: 27/27 MP: 1/1
   251 | D:1      | Quit the game

Illustrated notes

Levels and vault maps discovered:
D:1:      minmay_arrival_jagged, layout_basic,
          hellmonk_ecumenical_altar_leap_of_faith, serial_shops,
          nicolae_shop_window_shopping, solitary_fountain

Action                   || total
-------------------------++-------
Melee: War axe           ||     8
Armor: Scale mail        ||     4
Dodge: Dodged            ||     4
Block: Buckler           ||     2

Table legend: (Time is in decaauts)
 A = Elapsed time spent in this place.
 B = Non-inter-level travel time spent in this place.
 C = Inter-level travel time spent in this place.
 D = Time resting spent in this place.
 E = Time spent auto-exploring this place.
 F = Levels seen in this place.
 G = Mean time per level.
                   A        B        C        D        E       F      G
               +--------+--------+--------+--------+--------+-----+--------+
         Total |    253 |    251 |      2 |      0 |    136 |   1 |  253.0 |
       Dungeon |    253 |    251 |      2 |      0 |    136 |   1 |  253.0 |
               +--------+--------+--------+--------+--------+-----+--------+

Top non-repeatable levels by time:
     D:1: 253 daAuts
